 Dungeon Crawl Stone Soup version 0.30.1-3-gfc49f6343a (webtiles) character file.

Game seed: 6119857369937835185

16 cdecastro the Grasshopper (level 2, 0/25 HPs)
             Began as an Armataur Warper on July 28, 2023.
             Slain by an adder (1 damage)
             ... on level 2 of the Dungeon.
             The game lasted 00:01:55 (1064 turns).

cdecastro the Grasshopper (Armataur Warper)         Turns: 1064, Time: 00:01:57

Health: 0/25       AC:  4    Str: 16    XL:     2   Next: 37%
Magic:  4/4        EV:  9    Int: 13    God:
Gold:   183        SH:  0    Dex:  9    Spells: 4/4 levels left

rFire   . . .        a - +0 mace
rCold   . . .        (no shield)
rNeg    . . .        b - +0 leather armour
rPois   .            (no helmet)
rElec   .            (no cloak)
rCorr   .            (no gloves)
SInv    .            (no barding)
Will    .....        (no amulet)
Stlth   +            (no ring)
HPRegen 0.24/turn    (no ring)
MPRegen 0.09/turn

%: roll
@: lethally poisoned (0 -> -7), flying
A: large, rugged brown scales 3, deformed body, armoured tail, roll, long
tongue, awkward tongue
a: no special abilities


You were on level 2 of the Dungeon.
You visited 1 branch of the dungeon, and saw 2 of its levels.

You collected 183 gold pieces.

Inventory:

Hand Weapons
 a - a +0 mace (weapon)
Missiles
 d - 7 boomerangs of dispersal (quivered)
Armour
 b - a +0 leather armour (worn)
 o - a +0 helmet
Scrolls
 c - a scroll of blinking
 g - 2 scrolls of vulnerability {unknown}
 h - a scroll of fog {unknown}
 j - 3 scrolls of teleportation {unknown}
 k - a scroll of torment {unknown}
 l - a scroll of enchant armour {unknown}
 n - a scroll of identify {unknown}
 p - 3 scrolls of immolation {unknown}
Potions
 f - a potion of brilliance {unknown}
 i - a potion of ambrosia {unknown}
 m - a potion of berserk rage {unknown}


   Skills:
 - Level 1.7 Fighting
 - Level 1.7 Maces & Flails
 - Level 0.8 Throwing
 - Level 1.2 Armour
 - Level 1.3 Dodging
 - Level 1.7 Spellcasting
 + Level 3.8 Translocations


You had 4 spell levels left.
You didn't know any spells.
Your spell library contained the following spells:

 Spells                   Type           Power      Damage    Failure   Level
 Blink                    Tloc           22%        N/A       10%         2
 Lesser Beckoning         Tloc           22%        N/A       10%         2
 Teleport Other           Tloc           11%        N/A       21%         3
 Vhi's Electric Charge    Tloc/Air       12%        N/A       41%         3
 Manifold Assault         Tloc           11%        N/A       54%         4


Dungeon Overview and Level Annotations

Branches:
Dungeon (2/15)

Altars:

Shops:
D:2 :(


Innate Abilities, Weirdness & Mutations

You are completely covered in rugged brown scales. (AC +3, +7% HP)
Armour fits poorly on your strangely shaped body.
You have a long armoured tail.
You roll when moving toward enemies. (Rampage)
Your long tongue fully drains potion bottles. (2x potion effects)
Your tongue gives you trouble enunciating. (1.5x scroll delay)


Message History

The adder closely misses you.
You thump the adder!
The adder is severely wounded.
The adder barely misses you. x2
You barely miss the adder.
Your tail-slap misses the adder.
The adder is severely wounded.
The adder bites you but does no damage. The adder bites you.
You hit the adder.
The adder is almost dead.
The adder bites you.
You are poisoned.
The adder poisons you!
You closely miss the adder. Your punch misses the adder.
The adder is almost dead.
You feel very sick. The adder bites you.
You are more poisoned.
The adder poisons you! The adder bites you.
You are lethally poisoned!
The adder poisons you!
You closely miss the adder.
The adder is almost dead.
* * * LOW HITPOINT WARNING * * *
You feel very sick. The adder bites you.
* * * LOW HITPOINT WARNING * * *
The adder barely misses you.
You closely miss the adder.
Your tail-slap misses the adder.
The adder is almost dead.
* * * LOW HITPOINT WARNING * * *
You feel very sick.
The adder bites you but does no damage. x2
Unknown command.
It was a potion of flight.
You feel very buoyant.
You fly up into the air.
You slurp down every last drop of the potion of flight!
* * * LOW HITPOINT WARNING * * *
You feel sick. The adder bites you.
You die...

#.######
#..S@..#
#.####.#
###.##...# ###
#.......##
###....
######..#
#.....###
#..####.......
#...........#
#...........#
#####..........#


You could see an adder.

Vanquished Creatures
  5 bats
  2 endoplasms (D:1)
  2 goblins (D:1)
  A hobgoblin (D:2)
  2 frilled lizards
  2 kobolds
14 creatures vanquished.

Notes
Turn   | Place    | Note
-------+----------+-------------------------------------------
     0 | D:1      | cdecastro the Armataur Warper began the quest for the Orb.
     0 | D:1      | Reached XP level 1. HP: 18/18 MP: 3/3
   142 | D:1      | Found a faded altar of an unknown god.
   307 | D:1      | Reached XP level 2. HP: 20/25 MP: 4/4
   950 | D:2      | Found Azxunis's Book Emporium.
   978 | D:2      | Found Hiangu's Antique Weapon Emporium.
  1064 | D:2      | HP: 1/25 [poisoned by an adder]
  1064 | D:2      | Slain by an adder

Illustrated notes

Levels and vault maps discovered:
D:1:      eino_arrival_druids_welcome, layout_loops_ring,
          ebering_ecumenical_altar_abandoned, minmay_gold_behind_fungi,
          roderic_malta_cross
D:2:      layout_basic, serial_shops, shop, nicolae_shop_window_shopping, shop,
          nicolae_shop_tiny_glass, reono_crystal_passage

Action                     || total
---------------------------++-------
  Melee: Mace              ||    53
         Tailslap          ||     2
    Use: Potion            ||     1
 Armour: Leather armour    ||    29
  Dodge: Dodged            ||    24
